 Dungeon Crawl Stone Soup version 0.28.0 (webtiles) character file.

Game seed: 13860784832561142866

102 tilp the Magician (level 5, -1/36 HPs)
             Began as a Djinni Fire Elementalist on Feb 12, 2022.
             Slain by Grinder (7 damage)
             ... on level 3 of the Dungeon.
             The game lasted 00:03:22 (3640 turns).

tilp the Magician (Djinni Fire Elementalist)        Turns: 3640, Time: 00:03:23

Health: -1/36      AC:  2    Str:  7    XL:     5   Next: 6%
Gold:   133        EV: 12    Int: 19    God:
                   SH:  0    Dex: 13

rFire   + + .      SeeInvis .   (no weapon)
rCold   x . .      Faith    .   (no shield)
rNeg    . . .      Spirit   .   a - +0 robe
rPois   ∞          Reflect  .   (no helmet)
rElec   .          Harm     .   (no cloak)
rCorr   .          Rampage  .   (no gloves)
Will    +....                   (boots unavailable)
Stlth   ++........              (no amulet)
HPRegen 0.12/turn               e - ring of willpower
MPRegen 0.00/turn               (no ring)

@: flying
A: sickness immunity, fire resistance 2, cold vulnerability 1, float, innate
caster, HP casting, extra vitality 1
a: no special abilities


You were on level 3 of the Dungeon.
You visited 1 branch of the dungeon, and saw 3 of its levels.

You collected 133 gold pieces.

Inventory:

Missiles
 b - 47 stones
 h - 4 poisoned darts (quivered)
Armour
 a - a +0 robe (worn)
Jewellery
 e - a ring of willpower (left hand)
Scrolls
 c - a scroll of identify {unknown}
Potions
 d - a potion of resistance {unknown}
 f - 2 potions of attraction {unknown}
 g - a potion of cancellation {unknown}
 i - a potion of might {unknown}


   Skills:
 + Level 0.5 Fighting
 - Level 2.1 Dodging
 + Level 1.8 Stealth
 + Level 4.0 Spellcasting


You couldn't memorise any spells.
You knew the following spells:

 Your Spells              Type           Power      Damage    Failure   Level
a - Foxfire               Conj/Fire      76%        2x1d7     2%          1
b - Scorch                Fire           38%        2d6       4%          2
c - Conjure Flame         Conj/Fire      19%        6-21      8%          3
d - Inner Flame           Hex/Fire       19%        N/A       8%          3
e - Flame Wave            Conj/Fire      19%        2d6       26%         4
f - Sting                 Tmut/Pois      76%        1d6       2%          1
g - Blink                 Tloc           38%        N/A       4%          2
Your spell library was empty.

Dungeon Overview and Level Annotations

Branches:
Dungeon (3/15)

Altars:

Annotations:
D:3 Grinder, Robin


Innate Abilities, Weirdness & Mutations

You are immune to sickness and miasma.
You are immune to poison.
Your flesh is very heat resistant. (rF++)
You are vulnerable to cold. (rC-)
You float through the air rather than walking.
You learn spells naturally, not from books.
Your magical power is your life essence.
You have superior vitality. (+4 MHP)


Message History

Robin closely misses you.
Unknown command.
Casting: Scorch (safe; 4% risk of failure)
Confirm with . or Enter, or press ? or * to list all spells.
Flames lash the kobold.
The kobold is severely wounded.
The kobold's fire resistance burns away.
Robin hits you with a +5 mace of holy wrath!
Unknown command.
Casting: Scorch (safe; 4% risk of failure)
Confirm with . or Enter, or press ? or * to list all spells.
The spell is extremely dangerous to miscast (26% risk of failure)!
Continue anyway?
Casting: Flame Wave (extremely dangerous; 26% risk of failure)
Press: ? - help, Dir - look around, f - activate A wave of flame ripples out!
The flame wave engulfs Robin.
Robin is burned terribly!
Robin is heavily wounded. (Press . to intensify the flame waves.) Robin hits you with a +5 mace of holy wrath!
* * * LOW HITPOINT WARNING * * *
Unknown command.
A wave of flame ripples out!
The flame wave engulfs Robin.
Robin is burned terribly!
Robin is almost dead.
The flame wave engulfs the kobold!
The kobold is burned terribly!
You kill the kobold!
* * * LOW HITPOINT WARNING * * *
Robin closely misses you.
Unknown command.
Unknown command.
Unknown command.
Grinder comes into view.
Robin says, "Duck!"
Robin roars a battlecry!
The goblin goes into a battle-frenzy!
You hear a shout!
Robin is no longer more vulnerable to fire.
Grinder says, "FISH!"
You barely miss Grinder. Grinder hits you!
You die...

#)## #######.###
#.........#
####.........#
.............#
.###.........#
.............#
≈######....###
≈≈≈≈###.##5@.###
≈≈≈≈≈≈..####.g.#
≈≈≈≈≈≈≈≈## ###.#
≈≈≈≈≈≈≈≈≈## #.#
##≈≈≈≈≈≈≈≈# #.#
#..≈≈≈≈≈≈# #g#
#.###≈≈≈≈####g##
#.###.#......g.#
.g....K.>......#


You could see Grinder and Robin.

Vanquished Creatures
  Terence (D:3)
  2 adders (D:2)
  A dart slug (D:2)
  4 endoplasms
  2 giant cockroaches
  8 goblins
  4 hobgoblins
  4 jackals (D:1)
  5 kobolds
  4 quokkas
  6 ball pythons
  5 bats
  3 frilled lizards
  3 rats
52 creatures vanquished.

Vanquished Creatures (others)
  20 foxfires
20 creatures vanquished.

Grand Total: 72 creatures vanquished

Notes
Turn   | Place    | Note
-------+----------+-------------------------------------------
     0 | D:1      | tilp the Djinni Fire Elementalist began the quest for the
                  | Orb.
     0 | D:1      | Reached XP level 1. HP: 15/15 MP: 0/0
   325 | D:1      | Reached XP level 2. HP: 7/21 MP: 0/0
  1015 | D:1      | Reached skill level 3 in Spellcasting
  1395 | D:1      | Reached XP level 3. HP: 22/25 MP: 0/0
  1395 | D:1      | Learned a level 1 spell: Sting
  2391 | D:2      | Reached XP level 4. HP: 29/31 MP: 0/0
  2449 | D:2      | Found a faded altar of an unknown god.
  2940 | D:3      | Noticed Robin
  3481 | D:3      | Noticed Terence
  3486 | D:3      | Killed Terence
  3487 | D:3      | Reached skill level 4 in Spellcasting
  3487 | D:3      | Reached XP level 5. HP: 21/36 MP: 0/0
  3487 | D:3      | Learned a level 2 spell: Blink
  3636 | D:3      | Noticed Grinder
  3640 | D:3      | Slain by Grinder

Illustrated notes

Levels and vault maps discovered:
D:1:      minmay_arrival_diagonal_passages, layout_loops_corners
D:2:      minmay_spotlight, layout_rooms, hellmonk_ecumenical_altar_heavens_door
D:3:      wander_river, layout_rooms, uniq_robin, uniq_terence, uniq_grinder

Skill      XL: |  1  2  3  4 |
---------------+-------------+-----
Spellcasting   | 3 4 |  4.0
Fighting       | |  0.5
Dodging        | |  2.1
Stealth        | |  1.8

Action                   |  1- 3 |  4- 6 || total
-------------------------+-------+-------++-------
Melee: Unarmed           |       |     3 ||     3
Throw: Stone             |     1 |       ||     1
 Cast: Foxfire           |    11 |       ||    11
       Scorch            |    34 |    27 ||    61
       Flame Wave        |       |     1 ||     1
  Use: Scroll            |     1 |     1 ||     2
Armor: Robe              |     1 |     2 ||     3
Dodge: Dodged            |     8 |    10 ||    18
